[ AOE2 MATCH · #506382145 ]
UnrankedKhmer vs Goths
Player's team · LOSS
Rival team · WIN
[ REPLAY ANALYSIS · EXTRACTED FROM THE RECORDED GAME ]
Feudal
8:52
Castle
21:08
Imperial
—
| APM avg | 58.0 |
| APM peak | 133 |
| eAPM avg | 26.7 |
| Villagers / military | 142 / 176 |
Focus
⚔️ 38.6% · 🌾 61.4%
Archer ×56 · Militia ×52 · Knight ×48 · Mangonel ×11 · Ballista Elephant ×5 · Cavalry Archer ×4
Feudal
11:34
Castle
20:48
Imperial
42:47
| APM avg | 70.7 |
| APM peak | 121 |
| eAPM avg | 36.8 |
| Villagers / military | 174 / 253 |
Focus
⚔️ 42.2% · 🌾 57.8%
Huskarl ×108 · Spearman ×94 · Archer ×33 · Mangonel ×6 · Trebuchet (Packed) ×5 · Militia ×4
Match map
Initial resources + every placement click. Lines = walls · curves = elevation contours. ◆ gold · ⬟ stone · ● berries · ✦ relic · ◌ wall gap
Your base· Open — opponent sealed themselves in
Mawashigeri's base· ✓ Closed at 20:48 · 53t walls · 1 gate(s)
Smoothed initial terrain · ◌ = detected wall gap · hover for details
Inputs per minute
— _DY_孟川 - - Mawashigeri
Build order — _DY_孟川
First 150 of 509 actions detected
| 0:01 | Create | Villager (Male) |
| 0:02 | Build | House |
| 0:03 | Build | House |
| 0:07 | Create | Villager (Male) |
| 0:07 | Create | Villager (Male) |
| 0:10 | Create | Villager (Male) |
| 1:27 | Create | Villager (Male) |
| 1:28 | Create | Villager (Male) |
| 1:58 | Build | Mill |
| 1:59 | Create | Villager (Male) |
| 1:59 | Create | Villager (Male) |
| 2:15 | Create | Villager (Male) |
| 2:15 | Create | Villager (Male) |
| 2:46 | Create | Villager (Male) |
| 3:02 | Create | Villager (Male) |
| 3:03 | Create | Villager (Male) |
| 3:35 | Create | Villager (Male) |
| 3:35 | Create | Villager (Male) |
| 3:50 | Create | Villager (Male) |
| 3:50 | Create | Villager (Male) |
| 4:10 | Create | Villager (Male) |
| 4:10 | Create | Villager (Male) |
| 4:16 | Build | House |
| 4:39 | Create | Villager (Male) |
| 4:49 | Research | Loom |
| 5:13 | Create | Villager (Male) |
| 5:13 | Create | Villager (Male) |
| 5:13 | Create | Villager (Male) |
| 6:42 | Research | Feudal Age |
| 6:59 | Build | Lumber Camp |
| 8:01 | Build | Mining Camp |
| 8:04 | Build | Palisade Wall |
| 8:06 | Build | Palisade Wall |
| 8:09 | Build | Palisade Wall |
| 8:10 | Build | Palisade Wall |
| 8:11 | Build | Palisade Wall |
| 8:12 | Build | Palisade Wall |
| 8:14 | Build | Palisade Wall |
| 8:48 | Build | House |
| 8:52 | Age | Feudal Age |
| 8:54 | Create | Villager (Male) |
| 8:58 | Create | Villager (Male) |
| 9:17 | Build | Archery Range |
| 9:26 | Create | Villager (Male) |
| 9:33 | Build | Palisade Wall |
| 9:35 | Build | Palisade Wall |
| 9:55 | Create | Villager (Male) |
| 10:00 | Create | Archer |
| 10:08 | Build | House |
| 10:15 | Create | Villager (Male) |
| 10:22 | Create | Archer |
| 10:32 | Build | Mill |
| 10:36 | Create | Villager (Male) |
| 10:47 | Research | Double-Bit Axe |
| 10:55 | Create | Villager (Male) |
| 11:03 | Create | Archer |
| 11:38 | Create | Archer |
| 11:41 | Build | Blacksmith |
| 11:44 | Create | Villager (Male) |
| 11:44 | Create | Villager (Male) |
| 12:04 | Build | Farm |
| 12:18 | Create | Villager (Male) |
| 12:23 | Create | Archer |
| 12:28 | Build | House |
| 12:47 | Build | Farm |
| 12:50 | Create | Villager (Male) |
| 12:58 | Build | Watch Tower |
| 13:05 | Build | Palisade Wall |
| 13:08 | Build | Farm |
| 13:13 | Create | Villager (Male) |
| 13:17 | Build | Farm |
| 13:21 | Build | Lumber Camp |
| 13:25 | Build | House |
| 13:27 | Build | Palisade Wall |
| 13:35 | Build | Farm |
| 13:48 | Create | Archer |
| 13:53 | Research | Fletching |
| 13:54 | Research | Fletching |
| 13:59 | Build | Farm |
| 14:07 | Create | Villager (Male) |
| 14:07 | Create | Villager (Male) |
| 14:27 | Create | Villager (Male) |
| 14:36 | Build | Farm |
| 14:37 | Create | Villager (Male) |
| 14:44 | Build | House |
| 14:47 | Create | Villager (Male) |
| 14:47 | Create | Villager (Male) |
| 14:49 | Create | Archer |
| 15:09 | Build | House |
| 15:13 | Build | Palisade Wall |
| 15:24 | Build | Farm |
| 15:25 | Create | Villager (Male) |
| 15:28 | Build | House |
| 15:39 | Create | Villager (Male) |
| 15:44 | Build | Palisade Wall |
| 15:52 | Build | Farm |
| 15:54 | Create | Villager (Male) |
| 16:02 | Build | Farm |
| 16:10 | Build | Farm |
| 16:12 | Create | Villager (Male) |
| 16:22 | Create | Archer |
| 16:24 | Create | Villager (Male) |
| 16:37 | Create | Villager (Male) |
| 16:58 | Build | Farm |
| 17:05 | Build | Farm |
| 17:07 | Build | Farm |
| 17:17 | Create | Archer |
| 17:41 | Create | Archer |
| 17:58 | Create | Archer |
| 18:02 | Build | Archery Range |
| 18:28 | Research | Castle Age |
| 18:29 | Research | Castle Age |
| 18:35 | Create | Archer |
| 19:07 | Create | Archer |
| 19:07 | Create | Archer |
| 19:07 | Create | Archer |
| 19:09 | Build | Stable |
| 19:12 | Build | House |
| 19:25 | Research | Horse Collar |
| 19:25 | Research | Gold Mining |
| 19:45 | Research | Gold Mining |
| 19:48 | Research | Padded Archer Armor |
| 19:51 | Create | Archer |
| 19:52 | Create | Archer |
| 19:58 | Build | House |
| 20:05 | Build | Palisade Wall |
| 20:28 | Build | Palisade Wall |
| 20:38 | Create | Archer |
| 20:39 | Create | Archer |
| 20:57 | Research | Town Watch |
| 21:08 | Age | Castle Age |
| 21:11 | Research | Crossbowman (upgrade) |
| 21:12 | Research | Bodkin Arrow |
| 21:12 | Research | Bodkin Arrow |
| 21:13 | Create | Villager (Male) |
| 21:14 | Create | Villager (Male) |
| 21:33 | Build | House |
| 21:35 | Build | House |
| 21:47 | Build | House |
| 21:49 | Create | Villager (Male) |
| 21:49 | Create | Villager (Male) |
| 21:53 | Build | Siege Workshop |
| 22:06 | Create | Villager (Male) |
| 22:06 | Create | Villager (Male) |
| 22:21 | Create | Mangonel |
| 22:27 | Build | Farm |
| 22:49 | Create | Villager (Male) |
| 22:51 | Build | University |
| 22:52 | Create | Archer |
| 22:52 | Create | Archer |
Build order — Mawashigeri
First 150 of 670 actions detected
| 0:00 | Create | Villager (Male) |
| 0:01 | Build | House |
| 0:03 | Build | House |
| 0:11 | Create | Villager (Male) |
| 0:11 | Create | Villager (Male) |
| 0:11 | Create | Villager (Male) |
| 0:11 | Create | Villager (Male) |
| 0:12 | Research | Loom |
| 1:25 | Create | Villager (Male) |
| 1:46 | Build | Lumber Camp |
| 2:05 | Create | Villager (Male) |
| 2:20 | Create | Villager (Male) |
| 2:45 | Create | Villager (Male) |
| 3:02 | Create | Villager (Male) |
| 3:35 | Create | Villager (Male) |
| 4:01 | Build | House |
| 4:10 | Create | Villager (Male) |
| 4:35 | Create | Villager (Male) |
| 4:39 | Build | Barracks |
| 5:00 | Create | Villager (Male) |
| 5:09 | Build | House |
| 5:26 | Create | Villager (Male) |
| 5:32 | Create | Militia |
| 5:45 | Create | Militia |
| 5:51 | Create | Villager (Male) |
| 5:56 | Build | Palisade Wall |
| 6:10 | Create | Villager (Male) |
| 6:10 | Create | Militia |
| 6:19 | Build | Palisade Wall |
| 6:31 | Create | Militia |
| 6:35 | Create | Villager (Male) |
| 7:06 | Build | House |
| 7:18 | Create | Villager (Male) |
| 7:28 | Build | Mill |
| 7:38 | Create | Villager (Male) |
| 7:41 | Build | Palisade Wall |
| 7:48 | Create | Villager (Male) |
| 8:07 | Build | Farm |
| 8:24 | Build | Palisade Wall |
| 8:30 | Create | Villager (Male) |
| 8:32 | Create | Villager (Male) |
| 8:35 | Build | Mill |
| 9:00 | Build | Palisade Wall |
| 9:24 | Research | Feudal Age |
| 9:25 | Research | Feudal Age |
| 9:59 | Build | House |
| 10:18 | Build | Mining Camp |
| 10:30 | Build | Palisade Wall |
| 10:36 | Build | Palisade Wall |
| 10:37 | Build | Palisade Wall |
| 11:18 | Create | Villager (Male) |
| 11:34 | Age | Feudal Age |
| 11:37 | Build | Archery Range |
| 11:41 | Research | Double-Bit Axe |
| 11:54 | Build | House |
| 11:57 | Create | Villager (Male) |
| 11:58 | Create | Villager (Male) |
| 12:17 | Create | Skirmisher |
| 12:32 | Create | Skirmisher |
| 12:39 | Build | Palisade Wall |
| 12:42 | Create | Villager (Male) |
| 12:45 | Build | Palisade Wall |
| 12:47 | Create | Archer |
| 12:55 | Build | Farm |
| 12:56 | Build | Farm |
| 12:59 | Build | Farm |
| 13:01 | Create | Villager (Male) |
| 13:04 | Build | Palisade Wall |
| 13:04 | Build | Palisade Wall |
| 13:10 | Build | Farm |
| 13:15 | Create | Archer |
| 13:35 | Create | Villager (Male) |
| 13:52 | Create | Villager (Male) |
| 13:54 | Build | Blacksmith |
| 14:05 | Create | Archer |
| 14:17 | Build | Farm |
| 14:24 | Create | Villager (Male) |
| 14:27 | Build | House |
| 14:32 | Create | Archer |
| 14:33 | Create | Villager (Male) |
| 14:37 | Research | Fletching |
| 14:54 | Build | House |
| 15:00 | Research | Fletching |
| 15:10 | Build | House |
| 15:13 | Create | Archer |
| 15:14 | Research | Padded Archer Armor |
| 15:22 | Create | Villager (Male) |
| 15:24 | Build | Farm |
| 15:35 | Create | Skirmisher |
| 15:38 | Build | Farm |
| 15:43 | Build | Lumber Camp |
| 15:48 | Create | Villager (Male) |
| 15:57 | Build | Farm |
| 16:14 | Create | Villager (Male) |
| 16:16 | Create | Archer |
| 16:22 | Create | Villager (Male) |
| 16:41 | Build | Farm |
| 16:52 | Build | Farm |
| 17:02 | Build | Farm |
| 17:02 | Build | Farm |
| 17:04 | Create | Archer |
| 17:07 | Create | Villager (Male) |
| 17:08 | Build | Farm |
| 17:20 | Build | Farm |
| 17:23 | Build | Farm |
| 17:32 | Create | Villager (Male) |
| 17:34 | Build | Farm |
| 17:36 | Create | Archer |
| 18:03 | Build | House |
| 18:08 | Research | Castle Age |
| 18:09 | Research | Castle Age |
| 18:11 | Create | Archer |
| 18:29 | Build | Palisade Gate |
| 18:34 | Build | Archery Range |
| 18:43 | Create | Archer |
| 19:15 | Create | Archer |
| 19:18 | Create | Archer |
| 19:53 | Create | Archer |
| 19:54 | Create | Archer |
| 20:00 | Build | House |
| 20:15 | Create | Villager (Male) |
| 20:38 | Create | Archer |
| 20:48 | Age | Castle Age |
| 20:50 | Research | Crossbowman (upgrade) |
| 20:51 | Research | Bodkin Arrow |
| 20:54 | Build | Town Center |
| 20:57 | Research | Bow Saw |
| 20:59 | Research | Wheelbarrow |
| 21:06 | Build | University |
| 21:11 | Create | Villager (Male) |
| 21:26 | Create | Archer |
| 21:28 | Create | Archer |
| 21:46 | Create | Villager (Male) |
| 21:57 | Create | Archer |
| 22:07 | Build | House |
| 22:22 | Create | Villager (Male) |
| 22:22 | Create | Villager (Male) |
| 22:59 | Research | Ballistics |
| 22:59 | Research | Ballistics |
| 23:01 | Create | Archer |
| 23:13 | Create | Villager (Male) |
| 23:14 | Create | Villager (Male) |
| 23:38 | Create | Villager (Male) |
| 23:55 | Create | Villager (Male) |
| 23:55 | Create | Villager (Male) |
| 24:00 | Create | Villager (Male) |
| 24:00 | Create | Villager (Male) |
| 24:02 | Create | Archer |
| 24:02 | Create | Archer |
| 24:06 | Build | Farm |
Match timeline
| 4:39 | Mawashigeri · first_building Barracks |
| 5:56 | Mawashigeri · wall_segment Palisade Wall x10 |
| 6:19 | Mawashigeri · wall_segment Palisade Wall x8 |
| 7:41 | Mawashigeri · wall_segment Palisade Wall x6 |
| 8:04 | _DY_孟川 · wall_segment Palisade Wall x1 |
| 8:06 | _DY_孟川 · wall_segment Palisade Wall x4 |
| 8:09 | _DY_孟川 · wall_segment Palisade Wall x1 |
| 8:10 | _DY_孟川 · wall_segment Palisade Wall x1 |
| 8:11 | _DY_孟川 · wall_segment Palisade Wall x1 |
| 8:12 | _DY_孟川 · wall_segment Palisade Wall x1 |
| 8:14 | _DY_孟川 · wall_segment Palisade Wall x1 |
| 8:24 | Mawashigeri · wall_segment Palisade Wall x4 |
| 8:52 | _DY_孟川 · age_up feudal |
| 9:00 | Mawashigeri · wall_segment Palisade Wall x7 |
| 9:17 | _DY_孟川 · first_building Archery Range |
| 9:33 | _DY_孟川 · wall_segment Palisade Wall x1 |
| 9:35 | _DY_孟川 · wall_segment Palisade Wall x1 |
| 10:30 | Mawashigeri · wall_segment Palisade Wall x7 |
| 10:36 | Mawashigeri · wall_segment Palisade Wall x3 |
| 10:37 | Mawashigeri · wall_segment Palisade Wall x6 |
| 11:34 | Mawashigeri · age_up feudal |
| 11:37 | Mawashigeri · first_building Archery Range |
| 12:39 | Mawashigeri · wall_segment Palisade Wall x1 |
| 12:45 | Mawashigeri · wall_segment Palisade Wall x1 |
| 13:04 | Mawashigeri · wall_segment Palisade Wall x1 |
| 13:04 | Mawashigeri · wall_segment Palisade Wall x1 |
| 13:05 | _DY_孟川 · wall_segment Palisade Wall x1 |
| 13:27 | _DY_孟川 · wall_segment Palisade Wall x6 |
| 15:13 | _DY_孟川 · wall_segment Palisade Wall x7 |
| 15:44 | _DY_孟川 · wall_segment Palisade Wall x8 |
| 19:09 | _DY_孟川 · first_building Stable |
| 20:05 | _DY_孟川 · wall_segment Palisade Wall x1 |
| 20:28 | _DY_孟川 · wall_segment Palisade Wall x1 |
| 20:48 | Mawashigeri · age_up castle |
| 21:08 | _DY_孟川 · age_up castle |
| 21:53 | _DY_孟川 · first_building Siege Workshop |
| 25:01 | Mawashigeri · wall_segment Palisade Wall x1 |
| 25:02 | Mawashigeri · wall_segment Palisade Wall x1 |
| 26:38 | Mawashigeri · first_building Siege Workshop |
| 26:49 | Mawashigeri · first_market_buy 100 stone |
| 31:34 | Mawashigeri · first_building Castle |
| 34:18 | Mawashigeri · first_market_sell 100 wood |
| 34:29 | _DY_孟川 · first_market_buy 100 stone |
| 34:38 | _DY_孟川 · first_building Castle |
| 39:57 | _DY_孟川 · first_building Barracks |
| 41:58 | _DY_孟川 · wall_segment Stone Wall x1 |
| 42:47 | Mawashigeri · age_up imperial |
| 45:54 | _DY_孟川 · resign |
[ AI ANALYSIS · 1 CREDIT ]
What really happened in this match?
Wolo.gg analyzes every decision: build order, eco, micro, common mistakes by bracket. Personalized analysis on WhatsApp or Discord in 30 seconds.
Civ guide
Khmer
Perfil
Jugador #1821855